 Dungeon Crawl Stone Soup version 0.26-a0-597-gb535b0901c (webtiles) character file.

Game seed: 2246544302063227845

(classic levelgen) 10332 EnegeticOcto the Cleaver (level 11, -1/102 HPs)
             Began as a Deep Dwarf Fighter on Aug 26, 2020.
             Was a Priest of Makhleb.
             Slain by a very large slime creature (44 damage)
             ... on level 12 of the Dungeon.
             The game lasted 00:04:46 (6433 turns).

EnegeticOcto the Cleaver (Deep Dwarf Fighter)       Turns: 6433, Time: 00:04:47

Health: -1/102     AC: 17    Str: 23    XL:     11   Next: 34%
Magic:  8/8        EV:  6    Int:  9    God:    Makhleb [***...]
Gold:   2259       SH: 17    Dex: 12    Spells: 10/10 levels left

rFire    + . .     SeeInvis .   a - +1 war axe
rCold    + . .     Faith    .   c - +0 kite shield
rNeg     . . .     Spirit   .   p - +0 plate armour
rPois    .         Reflect  +   (no helmet)
rElec    .         Harm     .   B - scarf {rC+ rF+}
rCorr    .                      (no gloves)
MR       +....                  y - +2 pair of boots
Stlth    ..........             C - amulet of reflection
HPRegen  0.00/turn              t - +4 ring of slaying
MPRegen  0.11/turn              (no ring)

@: non-regenerating
A: damage resistance, heal wounds, sense surroundings 2, no regeneration
a: Heal Wounds, Minor Destruction, Lesser Servant of Makhleb, Renounce Religion


You were on level 12 of the Dungeon.
You worshipped Makhleb.
Makhleb was most pleased with you.
You visited 2 branches of the dungeon, and saw 13 of its levels.

You collected 2443 gold pieces.
You spent 184 gold pieces at shops.

Inventory:

Hand Weapons
 a - a +1 war axe (weapon)
Armour
 c - a +0 kite shield (worn)
 p - a +0 plate armour (worn)
 y - a +2 pair of boots (worn)
 B - a scarf of resistance (worn)
Jewellery
 t - a +4 ring of slaying (left hand)
 C - an amulet of reflection (around neck)
Wands
 k - a wand of polymorph (13)
 o - a wand of iceblast (27)
 z - a wand of flame (45) {@v4}
Scrolls
 f - 4 scrolls of teleportation {unknown}
 h - a scroll of random uselessness {unknown}
 m - 8 scrolls of identify {unknown}
 n - a scroll of fear {unknown}
 r - 4 scrolls of blinking {unknown}
 u - 4 scrolls of magic mapping {unknown}
 v - 5 scrolls of remove curse {unknown}
Potions
 b - 3 potions of resistance {unknown}
 d - a potion of might {@q3}
 e - 2 potions of berserk rage {unknown}
 g - 3 potions of curing {unknown}
 i - a potion of mutation {unknown}
 j - 3 potions of lignification {unknown}
 l - a potion of ambrosia {unknown}
 q - 3 potions of degeneration {unknown}
 s - a potion of haste {unknown}
 w - a potion of stabbing {unknown}
 A - a potion of brilliance {unknown}
 D - a potion of heal wounds {unknown}


   Skills:
 + Level 7.6 Fighting
 * Level 12.0 Axes
 + Level 9.2 Armour
 + Level 9.1 Shields
 + Level 6.3 Invocations


You had 10 spell levels left.
You didn't know any spells.
Your spell library was empty.

Dungeon Overview and Level Annotations

Branches:
Dungeon (12/15)            Temple (1/1) D:7            Lair (0/6) D:10
    Orc: D:9-12

Altars:
Dithmenos
Elyvilon
Makhleb
Nemelex Xobeh
Okawaru
Qazlal
Ru
Sif Muna
Wu Jian
Xom
Yredelemnul
The Shining One

Shops:
D:6 *[   D:8 ([

Annotations:
D:5 2 transporters, XanderDroid's ghost, novice GnWn


Innate Abilities, Weirdness & Mutations

You are resistant to damage.
You can heal yourself by infusing magical energy.
You passively map the area around you.
You do not regenerate.


Message History

You slash the large slime creature!
The large slime creature is heavily wounded.
The large slime creature hits you!!
Two slime creatures merge to form a very large slime creature.
You slash the very large slime creature!
The very large slime creature is moderately wounded.
An orc comes into view.
It is wielding a +0 whip and quivering 3 silver boomerangs.
The orc shouts!
You slash the very large slime creature!
The very large slime creature is heavily wounded.
You hear a shout!
A large slime creature splits.
You block the very large slime creature's attack.
An orc comes into view. It is wielding a +0 falchion.
You barely miss the very large slime creature.
The very large slime creature is heavily wounded.
An orc comes into view. It is wielding a +0 club.
You block the very large slime creature's attack.
You slash the very large slime creature!
The very large slime creature is heavily wounded.
Two slime creatures merge to form a large slime creature.
The very large slime creature hits you but does no damage.
You hit the very large slime creature.
The very large slime creature is heavily wounded.
You block the very large slime creature's attack.
You slash the very large slime creature!
The very large slime creature is heavily wounded.
You block the very large slime creature's attack.
You hit the very large slime creature.
The very large slime creature is heavily wounded.
Two slime creatures merge to form a titanic slime creature.
You hit the titanic slime creature.
The titanic slime creature is moderately wounded.
The titanic slime creature hits you but does no damage.
You slash the titanic slime creature!
The titanic slime creature is moderately wounded.
The titanic slime creature hits you!!!
* * * LOW HITPOINT WARNING * * *
You are too injured to fight recklessly!
You are too injured to fight recklessly!
You are too injured to fight recklessly!
Unknown command.
You feel much better. The titanic slime creature hits you.
Things that are here:
a +0 shortbow; 11 arrows You feel much better.
You block the titanic slime creature's attack.
You slice the titanic slime creature!!
The titanic slime creature is heavily wounded.
You block the titanic slime creature's attack.
You slash the titanic slime creature!
The titanic slime creature is heavily wounded.
You hit the centaur. You block the centaur's attack.
You block the titanic slime creature's attack.
The centaur wields a +0 shortbow.
The centaur shoots an arrow.
The arrow hits you but does no damage.
You slash the titanic slime creature!
The titanic slime creature is heavily wounded.
You barely miss the centaur. You block the centaur's attack.
The centaur shoots an arrow.
The arrow hits you.
A titanic slime creature splits.
You slice the very large slime creature!!
The very large slime creature is heavily wounded.
You completely miss the centaur.
You hit the large slime creature but do no damage.
The centaur closely misses you.
You slash the very large slime creature!
The very large slime creature is severely wounded.
You hit the large slime creature. You hit the centaur.
You block the centaur's attack.
A large slime creature splits.
The very large slime creature hits you!!!
* * * LOW HITPOINT WARNING * * *
The centaur hits you but does no damage.
You are too injured to fight recklessly!
You are too injured to fight recklessly!
You are too injured to fight recklessly!
You are too injured to fight recklessly!
You are too injured to fight recklessly!
You are too injured to fight recklessly!
You are too injured to fight recklessly!
You are too injured to fight recklessly!
You are too injured to fight recklessly!
You are too injured to fight recklessly!
You are too injured to fight recklessly!
You are too injured to fight recklessly!
You are too injured to fight recklessly!
You are too injured to fight recklessly!
You are too injured to fight recklessly!
You are too injured to fight recklessly!
You are too injured to fight recklessly!
You are too injured to fight recklessly!
You are too injured to fight recklessly!
You are too injured to fight recklessly!
You are too injured to fight recklessly!
You are too injured to fight recklessly!
You are too injured to fight recklessly!
You are too injured to fight recklessly!
You feel much better. The slime creature hits you!
The very large slime creature hits you!!!
You die...

. , ,,* #..# , 88
*** ,.. #..# , *
... , #.(# ≈ ≈ ....
#..# , ,.....o #.(#
≈ ....oc###.(# , ,
, ....co.ccoc# ≈ *
,.....####JJ######.
≈ ≈ ... #J@c......
, *, . #)........,
≈≈≈ , #......... ≈
, #..####### , ,, ,
#..# *,, , #.(# *,
, , #..# ,,, , #..#
* ≈ ,, * *


You could see a very large slime creature, 2 slime creatures, 4 centaurs and an
orc.

Vanquished Creatures
  A two-headed ogre (D:11)
  An ugly thing (D:11)
  A cyclops (D:11)
  A troll (D:10)
  Prince Ribbit (D:5)
  2 hippogriffs
  A yak (D:10)
  2 shadows (D:11)
  A wraith (D:10)
  A vampire (D:10)
  2 water moccasins
  3 porcupines (D:10)
  6 orc warriors
  5 ice beasts
  A necrophage (D:9)
  5 phantoms
  A boggart (D:7)
  4 sky beasts
  4 ogres
  5 centaurs
  12 bullfrogs
  A wyvern skeleton (D:9)
  7 scorpions
  17 killer bees
  13 wights
  3 howler monkeys
  A bullfrog zombie (D:5)
  3 centaur zombies
  5 hounds
  2 jellies
  5 orc priests
  16 orc wizards
  Jessica (D:2)
  5 bullfrog skeletons
  3 iguanas
  9 worker ants
  A hound skeleton (D:9)
  2 worker ant zombies
  4 gnolls (D:7)
  7 adders
  2 shadow imps
  3 ufetubi
  4 leopard geckos
  40 orcs
  4 giant cockroaches (D:2)
  A goblin (D:1)
  10 jackals
  2 quokkas
  A bat (D:3)
  A rat (D:2)
233 creatures vanquished.

Vanquished Creatures (others)
  An orc wizard (D:9)
  7 fungi (D:10)
  4 plants (D:10)
12 creatures vanquished.

Grand Total: 245 creatures vanquished

Notes
Turn   | Place    | Note
-------+----------+-------------------------------------------
     0 | D:1      | EnegeticOcto the Deep Dwarf Fighter began the quest for the
                  | Orb.
     0 | D:1      | Reached XP level 1. HP: 20/20 MP: 1/1
   179 | D:2      | Reached XP level 2. HP: 24/27 MP: 2/2
   276 | D:2      | Noticed Jessica
   283 | D:2      | Killed Jessica
   283 | D:2      | Reached skill level 3 in Axes
   283 | D:2      | Reached XP level 3. HP: 30/34 MP: 3/3
   356 | D:4      | Noticed an ogre
   365 | D:4      | Killed an ogre
   365 | D:4      | Reached XP level 4. HP: 40/42 MP: 4/4
   420 | D:4      | Noticed a water moccasin
   428 | D:4      | Killed a water moccasin
   428 | D:4      | Reached skill level 4 in Axes
   428 | D:4      | Reached XP level 5. HP: 35/49 MP: 5/5
   560 | D:4      | Noticed a sky beast
   580 | D:4      | Killed a sky beast
   580 | D:4      | Reached XP level 6. HP: 30/57 MP: 6/6
   707 | D:4      | Reached skill level 5 in Axes
   952 | D:5      | Entered Level 5 of the Dungeon
   972 | D:5      | Reached XP level 7. HP: 41/64 MP: 7/7
  1016 | D:5      | Reached skill level 5 in Armour
  1023 | D:5      | Reached skill level 5 in Shields
  1023 | D:5      | Reached skill level 6 in Axes
  1069 | D:5      | Noticed Prince Ribbit
  1104 | D:5      | Found a shadowy altar of Dithmenos.
  1155 | D:5      | Killed Prince Ribbit
  1155 | D:5      | Reached XP level 8. HP: 49/73 MP: 7/7
  1251 | D:5      | Reached skill level 7 in Axes
  1275 | D:5      | Found a transporter.
  1275 | D:5      | Noticed XanderDroid's ghost (novice GnWn)
  1306 | D:5      | Found a transporter.
  1491 | D:6      | Found a shimmering blue altar of Sif Muna.
  1552 | D:6      | Reached skill level 5 in Fighting
  1849 | D:6      | Found Rivvuofa's Assorted Antiques.
  1868 | D:6      | Reached skill level 8 in Axes
  2054 | D:6      | Gained mutation: You passively map the area around you.
                  | [Deep Dwarf growth]
  2054 | D:6      | Reached XP level 9. HP: 58/81 MP: 6/6
  2290 | D:6      | Found Lutsu's Armour Shoppe.
  2467 | D:7      | Reached skill level 9 in Axes
  2677 | D:7      | Found a staircase to the Ecumenical Temple.
  2710 | Temple   | Entered the Ecumenical Temple
  2721 | Temple   | Became a worshipper of Makhleb the Destroyer
  2964 | D:7      | Found a sacrificial altar of Ru.
  3186 | D:8      | Found Wucker's Antique Weapon Emporium.
  3197 | D:8      | Reached skill level 1 in Invocations
  3492 | D:8      | Reached skill level 10 in Axes
  3543 | D:8      | Found Fuaryxef's Antique Armour Shop.
  3551 | D:8      | Bought a runed scarf for 184 gold pieces
  3753 | D:9      | Reached * piety under Makhleb
  3753 | D:9      | Reached XP level 10. HP: 48/92 MP: 7/7
  4250 | D:9      | Found an ornate altar of the Wu Jian Council.
  4390 | D:10     | Entered Level 10 of the Dungeon
  4415 | D:10     | Reached ** piety under Makhleb
  4449 | D:10     | Found a shimmering blue altar of Sif Muna.
  4812 | D:10     | Reached skill level 11 in Axes
  4854 | D:10     | Reached skill level 5 in Invocations
  5575 | D:10     | Found a staircase to the Lair.
  5737 | D:11     | Identified a scroll of acquirement
  5737 | D:11     | Acquired 1910 gold pieces
  5768 | D:11     | Reached XP level 11. HP: 99/100 MP: 8/8
  5782 | D:11     | Reached *** piety under Makhleb
  5911 | D:11     | Noticed a two-headed ogre
  5923 | D:11     | Killed a two-headed ogre
  6115 | D:11     | Noticed a red ugly thing
  6136 | D:11     | Killed a red ugly thing
  6303 | D:11     | Found a burning altar of Makhleb.
  6305 | D:11     | Noticed a cacodemon
  6402 | D:12     | Reached skill level 12 in Axes
  6433 | D:12     | Slain by a very large slime creature

Illustrated notes

Levels and vault maps discovered:
D:1:      lemuel_arrival_muddy, layout_loops_corners, minivault_25, tso_altar
D:2:      layout_basic, eat_drink_and_be_merry_uskayaw,
          nicolae_overflow_hidden_temple, amethyst_overflow_temple_binary,
          minmay_worlds_worst_comb, uniq_jessica
D:3:      layout_basic, tgw_sif
D:4:      layout_loops_ring
D:5:      layout_rooms, gammafunk_ghost_stat_death, grunt_dithmenos_smoke,
          uniq_prince_ribbit1
D:6:      layout_basic, basic_altar, serial_shops, kennysheep_mini,
          nicolae_shop_overgrown_old_shop, hangedman_minor_gate_pass
D:7:      layout_loops_ring, minmay_temple_entry_large_hall, basic_altar,
          st_stairs_3, minmay_three_doors
D:8:      layout_basic, serial_shops, nicolae_shop_behind_doors, shop_fountains
D:9:      layout_basic, kennysheep_mini_moat, minmay_misc_feat_four_crosses
D:10:     layout_layer_cave, grunt_lair_entry_orc_guard_hut, basic_altar
D:11:     minmay_octagon_keep, layout_basic, makhleb_altar_promises_db
D:12:     wander_river, layout_long_grid, orc_0_dummy
Temple:   eino_temple_rhombus

Skill      XL: |  1  2  3  4  5  6  7  8  9 10 11 |
---------------+----------------------------------+-----
Fighting       | 3 4 5 6 7 |  7.6
Axes           | 3 4 5 6 8 10 11 12 | 12.0
Armour         | 4 5 6 7 8 9 |  9.2
Shields        | 4 5 6 7 8 9 |  9.1
Invocations    | 2 5 6 |  6.3

Action                   |  1- 3 |  4- 6 |  7- 9 | 10-12 || total
-------------------------+-------+-------+-------+-------++-------
Melee: War axe           |    39 |    58 |   496 |   561 ||  1154
 Abil: Heal Wounds       |     1 |     1 |    18 |    15 ||    35
  Use: Scroll            |       |       |       |     5 ||     5
Armor: Scale mail        |    19 |    23 |    15 |       ||    57
       Plate armour      |       |       |   293 |   283 ||   576
Dodge: Dodged            |     9 |    22 |   106 |    80 ||   217
Block: Kite shield       |    17 |    32 |   324 |   455 ||   828
       Reflection        |       |       |       |    14 ||    14

Table legend: (Time is in decaauts)
 A = Elapsed time spent in this place.
 B = Non-inter-level travel time spent in this place.
 C = Inter-level travel time spent in this place.
 D = Time resting spent in this place.
 E = Time spent auto-exploring this place.
 F = Levels seen in this place.
 G = Mean time per level.
                   A        B        C        D        E       F      G
               +--------+--------+--------+--------+--------+-----+--------+
         Total |   6557 |   6232 |    325 |      0 |   4376 |  13 |  504.4 |
       Dungeon |   6535 |   6219 |    316 |      0 |   4373 |  12 |  544.6 |
        Temple |     21 |     12 |      9 |      0 |      3 |   1 |   21.0 |
               +--------+--------+--------+--------+--------+-----+--------+

Top non-repeatable levels by time:
    D:10: 1343 daAuts
     D:6: 962 daAuts
     D:7: 730 daAuts
     D:9: 674 daAuts
    D:11: 649 daAuts
     D:4: 643 daAuts
     D:8: 604 daAuts
     D:5: 540 daAuts
     D:2: 243 daAuts
     D:1: 65 daAuts
    D:12: 45 daAuts
     D:3: 31 daAuts
  Temple: 21 daAuts
